 Dungeon Crawl Stone Soup version 0.29-a0-356-g7bc237e783 (webtiles) character file.

Game seed: 7492174812330722135

182 bande the Covered (level 5, -1/33 HPs)
             Began as a Gargoyle Fighter on Apr 27, 2022.
             Slain by a kobold brigand
             ... wielding a +0 short sword
              (3 damage)
             ... in a sewer.
             The game lasted 00:03:59 (3326 turns).

bande the Covered (Gargoyle Fighter)                Turns: 3326, Time: 00:04:00

Health: -1/33      AC: 15    Str: 19    XL:     5   Next: 61%
Magic:  5/5        EV:  5    Int:  9    God:
Gold:   127        SH:  4    Dex: 11    Spells: 4/4 levels left

rFire   . . .      SeeInvis .   a - +0 war axe (flame)
rCold   . . .      Faith    .   c - +0 buckler
rNeg    + . .      Spirit   .   j - +0 plate armour
rPois   ∞          Reflect  .   (no helmet)
rElec   +          Harm     .   (no cloak)
rCorr   .          Rampage  .   (no gloves)
Will    .....                   (no boots)
Stlth   ..........              (no amulet)
HPRegen 0.11/turn               (no ring)
MPRegen 0.09/turn               (no ring)

@: mighty, invisible, very slow
A: sickness immunity, AC +4, negative energy resistance 1, electricity
resistance, torment resistance 1, petrification resistance
a: no special abilities


You were in a sewer.
You visited 1 branch of the dungeon, and saw 3 of its levels.
You also visited: Sewer.

You collected 127 gold pieces.

Inventory:

Hand Weapons
 a - a +0 war axe of flaming (weapon)
Armour
 c - a +0 buckler (worn)
 j - a +0 plate armour (worn)
Scrolls
 f - 2 scrolls of identify
 h - 2 scrolls of teleportation
Potions
 d - a potion of might
 e - a potion of brilliance
 g - a potion of mutation


   Skills:
 + Level 4.0 Fighting
 + Level 3.8 Axes
 + Level 4.3 Armour
 + Level 3.8 Shields


You had 4 spell levels left.
You didn't know any spells.
Your spell library contained the following spells:

 Spells                   Type           Power      Damage    Failure   Level
 Beastly Appendage        Tmut           0%         N/A       100%        1
 Wereblood                Tmut           0%         N/A       100%        2
 Spider Form              Tmut/Pois      0%         N/A       100%        3


Dungeon Overview and Level Annotations

Branches:
Dungeon (3/15)              Sewer (1/1)

Altars:
Trog


Innate Abilities, Weirdness & Mutations

You are immune to sickness and miasma.
Your stone body is resilient. (AC +4)
You are immune to poison.
You resist negative energy. (rN+)
You are resistant to electric shocks. (rElec)
You are resistant to unholy torment.
You are immune to petrification.


Message History

The kobold brigand hits you but does no damage.
The kobold shoots a bolt.
The bolt hits you but does no damage.
The kobold brigand completely misses you.
The kobold hits you but does no damage.
The kobold brigand hits you but does no damage.
The kobold brigand hits you with a +0 short sword.
Your unstable footing causes you to fumble your attack.
The kobold barely misses you.
The kobold brigand hits you with a +0 short sword.
The kobold brigand hits you but does no damage.
Unknown command.
Your unstable footing causes you to fumble your attack.
You block the kobold's attack. You block the kobold brigand's attack.
The kobold brigand hits you with a +1 whip of venom.
* * * LOW HITPOINT WARNING * * *
The kobold hits you but does no damage.
Unknown command.
You slash the kobold brigand! You burn the kobold brigand.
The kobold brigand is almost dead.
You hit the kobold brigand but do no damage.
You hit the kobold but do no damage.
The kobold brigand hits you with a +0 short sword!
* * * LOW HITPOINT WARNING * * *
The kobold brigand splashes around in the water.
The kobold splashes around in the water.
You block the kobold brigand's attack.
The kobold brigand completely misses you.
It was a potion of invisibility.
You fade into invisibility!
The kobold splashes around in the water.
The kobold shoots a bolt.
The bolt hits the kobold.
The kobold dies!
You hear a splash.
The kobold brigand hits you but does no damage.
The kobold brigand splashes around in the water.
You feel very mighty all of a sudden.
The kobold shoots a bolt.
The bolt barely misses the kobold.
The bolt closely misses you.
The kobold brigand hits you with a +0 short sword.
You die...

#.≈≈≈.# ##.≈≈≈.##
#..≈≈≈.≈###############
#..≈≈≈≈≈≈≈≈≈≈≈≈≈≈≈≈≈≈≈≈
#..≈≈≈≈.###############
#.≈≈≈≈≈≈# #.≈≈≈≈≈.#
#≈≈≈≈≈≈.# #≈≈≈≈≈@K#
#≈≈≈≈≈KK# #.≈≈≈≈K≈#
#..≈.≈..# ####.#### ..
... #...


You could see 2 kobold brigands and 2 kobolds.

Vanquished Creatures
  7 adders
  3 river rats (Sewer)
  3 worms
  A dart slug (D:3)
  5 orcs (D:3)
  9 ball pythons
  8 endoplasms
  3 giant cockroaches
  6 goblins
  5 hobgoblins
  3 jackals (D:1)
  8 kobolds
  3 quokkas
  3 bats
  8 rats
75 creatures vanquished.

Vanquished Creatures (others)
  A kobold (Sewer)
1 creature vanquished.

Grand Total: 76 creatures vanquished

Notes
Turn   | Place    | Note
-------+----------+-------------------------------------------
     0 | D:1      | bande the Gargoyle Fighter began the quest for the Orb.
     0 | D:1      | Reached XP level 1. HP: 14/14 MP: 1/1
    29 | D:1      | Found a faded altar of an unknown god.
   147 | D:1      | Reached XP level 2. HP: 11/19 MP: 2/2
   920 | D:1      | Reached XP level 3. HP: 18/23 MP: 3/3
  1673 | D:2      | Reached XP level 4. HP: 29/29 MP: 4/4
  2643 | D:3      | Reached XP level 5. HP: 33/33 MP: 5/5
  2733 | D:3      | Found a bloodstained altar of Trog.
  2938 | D:3      | Found a glowing drain.
  2954 | Sewer    | Entered a sewer
  3312 | Sewer    | Noticed a kobold brigand
  3314 | Sewer    | Noticed a kobold brigand
  3324 | Sewer    | HP: 1/33 [kobold brigand/+0 short sword (8)]
  3326 | Sewer    | Slain by a kobold brigand

Illustrated notes

Levels and vault maps discovered:
D:1:      mushboom_english_gardens, layout_rooms, basic_ecumenical_altar,
          minmay_misc_feat_tower, nrook_mini_backslash, minivault_23
D:2:      layout_basic
D:3:      layout_basic, lemuel_round_altar, cheibrodos_sewer_entry_drain
Sewer:    sewer_kobolds

Skill      XL: |  1  2  3  4  5 |
---------------+----------------+-----
Axes           | 2 3 |  3.8
Armour         | 4 |  4.3
Fighting       | 4 |  4.0
Shields        | |  3.8

Action                   |  1- 3 |  4- 6 || total
-------------------------+-------+-------++-------
Melee: War axe           |   110 |   111 ||   221
  Use: Scroll            |     3 |     3 ||     6
       Potion            |       |     2 ||     2
Armor: Scale mail        |    67 |    29 ||    96
       Plate armour      |       |    43 ||    43
Dodge: Dodged            |    61 |    56 ||   117
Block: Buckler           |    26 |    28 ||    54

Table legend: (Time is in decaauts)
 A = Elapsed time spent in this place.
 B = Non-inter-level travel time spent in this place.
 C = Inter-level travel time spent in this place.
 D = Time resting spent in this place.
 E = Time spent auto-exploring this place.
 F = Levels seen in this place.
 G = Mean time per level.
                   A        B        C        D        E       F      G
               +--------+--------+--------+--------+--------+-----+--------+
         Total |   3430 |   3430 |      0 |    904 |   1910 |   4 |  857.5 |
       Dungeon |   3036 |   3036 |      0 |    611 |   1852 |   3 | 1012.0 |
         Sewer |    394 |    394 |      0 |    293 |     58 |   1 |  394.0 |
               +--------+--------+--------+--------+--------+-----+--------+

Top non-repeatable levels by time:
     D:2: 1214 daAuts
     D:1: 1147 daAuts
     D:3: 674 daAuts
   Sewer: 394 daAuts
